 Dungeon Crawl Stone Soup version 0.27-a0-1049-g450f9b2e0d (webtiles) character file.

Game seed: 8842047803474587929

25 Anon1729 the Bolt Thrower (level 2, -2/23 HPs)
             Began as a Demonspawn Hunter on Apr 20, 2021.
             Slain by Sigmund
             ... wielding a +3 scythe of protection
              (9 damage)
             ... on level 2 of the Dungeon.
             The game lasted 00:01:54 (1012 turns).

Anon1729 the Bolt Thrower (Demonspawn Hunter)       Turns: 1012, Time: 00:01:54

Health: -2/23      AC:  3    Str: 12    XL:     2   Next: 86%
Magic:  2/2        EV: 12    Int: 12    God:
Gold:   25         SH:  0    Dex: 13    Spells: 1/1 levels left

rFire    . . .     SeeInvis .   a - +1 hand crossbow
rCold    . . .     Faith    .   (no shield)
rNeg     . . .     Spirit   .   c - +0 leather armour
rPois    .         Reflect  .   (no helmet)
rElec    .         Harm     .   (no cloak)
rCorr    .         Rampage  .   (no gloves)
Will     .....                  (no boots)
Stlth    +.........             (no amulet)
HPRegen  0.07/turn              (no ring)
MPRegen  0.08/turn              (no ring)

@: confused
A: powered by death 1
a: no special abilities


You were on level 2 of the Dungeon.
You visited 1 branch of the dungeon, and saw 2 of its levels.

You collected 25 gold pieces.

Inventory:

Hand Weapons
 a - a +1 hand crossbow (weapon)
 b - a +0 short sword
Missiles
 d - 27 bolts (quivered ammo)
Armour
 c - a +0 leather armour (worn)
Jewellery
 g - a ring of see invisible
Scrolls
 e - a scroll of identify {unknown}
 h - a scroll of amnesia {unknown}
Potions
 f - a potion of mutation {unknown}
 i - a potion of curing {unknown}


   Skills:
 + Level 2.4 Fighting
 + Level 3.8 Crossbows
 + Level 2.1 Dodging
 + Level 1.5 Stealth


You had one spell level left.
You didn't know any spells.
Your spell library was empty.

Dungeon Overview and Level Annotations

Branches:
Dungeon (2/15)

Altars:

Annotations:
D:2 Sigmund


Innate Abilities, Weirdness & Mutations

You regenerate a little health from kills.


Message History

Sigmund barely misses you.
Fire: 32 bolts
Press: ? - help, Q - select action Shift-Dir - straight line, f/p - Sigmund
Aim: Sigmund, wielding a +3 scythe of protection and wearing a +0 robe (lightly wounded, 61% to hit)
You shoot a bolt. The bolt barely misses Sigmund.
Sigmund casts a spell at you. You resist with significant effort.
Fire: 31 bolts
Press: ? - help, Q - select action Shift-Dir - straight line, f/p - Sigmund
Aim: Sigmund, wielding a +3 scythe of protection and wearing a +0 robe (lightly wounded, 61% to hit)
You shoot a bolt. The bolt closely misses Sigmund.
Sigmund hits you from afar with a +3 scythe of protection.
Sigmund casts a spell at you. You resist with significant effort.
Fire: 30 bolts
Press: ? - help, Q - select action Shift-Dir - straight line, f/p - Sigmund
Aim: Sigmund, wielding a +3 scythe of protection and wearing a +0 robe (lightly wounded, 61% to hit)
You shoot a bolt. The bolt hits Sigmund.
Sigmund is lightly wounded.
Sigmund misses you.
Fire: 29 bolts
Press: ? - help, Q - select action Shift-Dir - straight line, f/p - Sigmund
Aim: Sigmund, wielding a +3 scythe of protection and wearing a +0 robe (lightly wounded, 61% to hit)
You shoot a bolt. The bolt barely misses Sigmund.
Sigmund gestures at you while chanting. You resist with significant effort.
Fire: 28 bolts
Press: ? - help, Q - select action Shift-Dir - straight line, f/p - Sigmund
Aim: Sigmund, wielding a +3 scythe of protection and wearing a +0 robe (lightly wounded, 61% to hit)
You shoot a bolt. The bolt barely misses Sigmund.
Sigmund gestures at you while chanting.
You are confused.
Sigmund laughs darkly.
Sigmund hits you from afar with a +3 scythe of protection.
Sigmund points at you and mumbles some strange words.
The puff of flame misses you.
In your confused state, you trip and fall back down the stairs.
Sigmund hits you from afar with a +3 scythe of protection!
Sigmund hits you from afar with a +3 scythe of protection!
You die...

# .# .# #
#(#. #
#.@##.###.
#.........
#.@...#
+........>..
###.....#.##
#.#...# #?
#.## #. ..
## .## .#


You could see Sigmund.

Vanquished Creatures
  A dart slug (D:1)
  5 bats (D:1)
  A giant cockroach (D:1)
  A goblin (D:1)
  A hobgoblin (D:1)
  4 jackals (D:1)
  2 quokkas (D:1)
  3 ball pythons (D:1)
  A frilled lizard (D:1)
  2 kobolds (D:1)
  A rat (D:1)
22 creatures vanquished.

Notes
Turn   | Place    | Note
-------+----------+-------------------------------------------
     0 | D:1      | Anon1729 the Demonspawn Hunter began the quest for the Orb.
     0 | D:1      | Reached XP level 1. HP: 16/16 MP: 1/1
    19 | D:1      | Reached skill level 1 in Stealth
   569 | D:1      | Gained mutation: You regenerate a little health from kills.
                  | [demonic ancestry]
   569 | D:1      | Reached XP level 2. HP: 21/22 MP: 2/2
  1000 | D:2      | Noticed Sigmund
  1012 | D:2      | Slain by Sigmund

Illustrated notes

Levels and vault maps discovered:
D:1:      giann_bridges, layout_basic, nrook_mini_backslash
D:2:      layout_loops_corners, ebering_ecumenical_altar_webs, uniq_sigmund

Skill      XL: |  1 |
---------------+----+-----
Stealth        | 1 |  1.5
Dodging        | 2 |  2.1
Fighting       | |  2.4
Crossbows      | |  3.8

Action                   || total
-------------------------++-------
Melee: Short sword       ||    69
 Fire: Hand crossbow     ||    15
Armor: Leather armour    ||    39
Dodge: Dodged            ||    81

Table legend: (Time is in decaauts)
 A = Elapsed time spent in this place.
 B = Non-inter-level travel time spent in this place.
 C = Inter-level travel time spent in this place.
 D = Time resting spent in this place.
 E = Time spent auto-exploring this place.
 F = Levels seen in this place.
 G = Mean time per level.
                   A        B        C        D        E       F      G
               +--------+--------+--------+--------+--------+-----+--------+
         Total |   1021 |   1016 |      5 |    223 |    603 |   2 |  510.5 |
       Dungeon |   1021 |   1016 |      5 |    223 |    603 |   2 |  510.5 |
               +--------+--------+--------+--------+--------+-----+--------+

Top non-repeatable levels by time:
     D:1: 1007 daAuts
     D:2: 13 daAuts
